 Dungeon Crawl Stone Soup version 0.28.0 (webtiles) character file.

Game seed: 959481326527414032

683 blackman the Cleaver (level 7, -1/61 HPs)
             Began as a Deep Dwarf Fighter on Feb 5, 2022.
             Was an Initiate of Okawaru.
             Slain by an ogre (15 damage)
             ... on level 5 of the Dungeon.
             The game lasted 00:05:50 (2974 turns).

blackman the Cleaver (Deep Dwarf Fighter)           Turns: 2974, Time: 00:05:50

Health: -1/61      AC:  6    Str: 21    XL:     7   Next: 35%
Magic:  6/6        EV:  9    Int:  9    God:    Okawaru [......]
Gold:   234        SH:  4    Dex: 12    Spells: 6/6 levels left

rFire   . . .      SeeInvis .   a - +0 war axe
rCold   . . .      Faith    .   c - +0 buckler
rNeg    . . .      Spirit   .   b - +0 scale mail
rPois   .          Reflect  .   (no helmet)
rElec   .          Harm     .   (no cloak)
rCorr   .          Rampage  .   (no gloves)
Will    +....                   (no boots)
Stlth   ..........              (no amulet)
HPRegen 0.00/turn               (no ring)
MPRegen 0.10/turn               (no ring)

@: no status effects
A: damage resistance, heal wounds, sense surroundings 1, no regeneration
a: Heal Wounds, Renounce Religion


You were on level 5 of the Dungeon.
You worshipped Okawaru.
Okawaru was noncommittal.
You visited 1 branch of the dungeon, and saw 5 of its levels.

You collected 234 gold pieces.

Inventory:

Hand Weapons
 a - a +0 war axe (weapon)
Missiles
 g - 5 silver boomerangs
Armour
 b - a +0 scale mail (worn)
 c - a +0 buckler (worn)
Scrolls
 e - a scroll of acquirement {unknown}
 f - a scroll of magic mapping {unknown}
 h - 6 scrolls of identify {unknown}
 l - 2 scrolls of noise {unknown}
 m - 4 scrolls of teleportation {unknown}
 o - 2 scrolls of fear {unknown}
 t - 2 scrolls of vulnerability {unknown}
 u - a scroll of brand weapon {unknown}
Potions
 d - 2 potions of might
 i - a potion of berserk rage {unknown}
 j - 3 potions of lignification {unknown}
 k - 2 potions of brilliance {unknown}
 n - a potion of attraction {unknown}
 p - a potion of curing {unknown}
 q - a potion of haste {unknown}
 r - a potion of degeneration {unknown}
 s - a potion of ambrosia {unknown}


   Skills:
 - Level 2.6 Fighting
 + Level 9.1 Axes
 - Level 3.2 Armour
 - Level 3.2 Shields


You had 6 spell levels left.
You didn't know any spells.
Your spell library contained the following spells:

 Spells                   Type           Power      Damage    Failure   Level
 Foxfire                  Conj/Fire      0%         2x1d4     82%         1
 Slow                     Hex            0%         N/A       82%         1
 Conjure Flame            Conj/Fire      0%         6-21      99%         3
 Inner Flame              Hex/Fire       0%         N/A       99%         3
 Flame Wave               Conj/Fire      0%         2d4       100%        4
 Borgnjor's Vile Clutch   Necr/Erth      0%         N/A       100%        5
 Animate Dead             Necr           Unusable   N/A       N/A         4
 Death Channel            Necr           Unusable   N/A       N/A         6

Dungeon Overview and Level Annotations

Branches:
Dungeon (5/15)
 Temple: D:4-7

Altars:
Okawaru

Shops:
D:4 :[

Annotations:
D:5 2 transporters, BobtheApe's ghost, novice KoBr


Innate Abilities, Weirdness & Mutations

You are resistant to damage.
You can heal yourself by infusing magical energy.
You passively map a small area around you.
You do not regenerate.


Message History

A water moccasin zombie is nearby!
You are too injured to fight recklessly!
You slash the water moccasin zombie!
You destroy the water moccasin zombie!
Okawaru accepts your kill.
Your Axes skill increases to level 9!
An ogre comes into view. It is wielding a +0 giant club.
The ogre shouts!
An ogre is nearby!
An ogre is nearby!
An ogre is nearby!
An ogre is nearby!
You are too injured to fight recklessly!
You are too injured to fight recklessly!
You are too injured to fight recklessly!
You feel much better. The ogre closely misses you.
Okay, then.
You slash the ogre!
The ogre is heavily wounded.
You hear the brisk rusting of a very distant drain.
The ogre closely misses you.
You barely miss the ogre.
The ogre is heavily wounded.
You block the ogre's attack.
You hit the ogre.
The ogre is heavily wounded.
You slash the ogre!
The ogre is severely wounded.
The ogre barely misses you.
You closely miss the ogre.
The ogre is severely wounded.
The ogre hits you with a +0 giant club!
You hit the ogre but do no damage.
The ogre is severely wounded.
The ogre hits you with a +0 giant club!!
* * * LOW HITPOINT WARNING * * *
You hit the ogre.
The ogre is almost dead.
The ogre hits you with a +0 giant club!
You die...

###########
#.........#
#.#######.#
########.# #.#
#........# #@# * *
#.#####..# #.O...#
#.### #..# #.###.#
#.#.###..# #.#
#....##..#######.#
#.
#.....#..........#
#.
#...).......######
#.#
###.####.......#
#.# #.#*
#.......#####.##


You could see an ogre.

Vanquished Creatures
  Eustachio (D:4)
  An ogre (D:5)
  A gnoll sergeant (D:5)
  A scorpion (D:5)
  A water moccasin zombie (D:5)
  A water moccasin skeleton (D:5)
  An orc priest (D:4)
  A centaur skeleton (D:4)
  2 orc wizards
  2 adders (D:2)
  An ufetubus (D:4)
  An adder skeleton (D:4)
  3 worms (D:5)
  4 dart slugs
  11 orcs
  4 endoplasms
  2 giant cockroaches
  7 goblins
  11 hobgoblins
  4 jackals (D:1)
  8 kobolds
  2 quokkas (D:1)
  7 ball pythons
  4 bats
  A frilled lizard (D:2)
  3 rats
85 creatures vanquished.

Notes
Turn   | Place    | Note
-------+----------+-------------------------------------------
     0 | D:1      | blackman the Deep Dwarf Fighter began the quest for the
                  | Orb.
     0 | D:1      | Reached XP level 1. HP: 20/20 MP: 1/1
   172 | D:1      | Reached skill level 3 in Axes
   172 | D:1      | Reached XP level 2. HP: 20/27 MP: 2/2
   237 | D:1      | Found a faded altar of an unknown god.
   245 | D:1      | Got Plato's Disquisition on Beguiling
   699 | D:1      | Reached XP level 3. HP: 18/33 MP: 3/3
   716 | D:1      | Reached skill level 4 in Axes
  1327 | D:2      | Reached XP level 4. HP: 33/40 MP: 4/4
  1339 | D:2      | Reached skill level 5 in Axes
  1619 | D:3      | Found an iron altar of Okawaru.
  1710 | D:3      | You fall into a shaft and drop 1 floor!
  1749 | D:4      | Found Repus's Antique Armour Emporium.
  1832 | D:4      | Noticed Eustachio
  1851 | D:4      | Killed Eustachio
  1852 | D:4      | Reached skill level 6 in Axes
  1852 | D:4      | Reached XP level 5. HP: 29/46 MP: 4/4
  2030 | D:3      | Reached skill level 7 in Axes
  2044 | D:3      | Reached XP level 6. HP: 13/55 MP: 5/5
  2458 | D:4      | Found Peduytt's Book Emporium.
  2683 | D:3      | Became a worshipper of Warmaster Okawaru
  2720 | D:5      | Entered Level 5 of the Dungeon
  2738 | D:5      | Found a transporter.
  2743 | D:5      | Noticed BobtheApe's ghost (novice KoBr)
  2760 | D:5      | Found a transporter.
  2801 | D:5      | Reached skill level 8 in Axes
  2803 | D:5      | Reached XP level 7. HP: 18/61 MP: 6/6
  2959 | D:5      | Reached skill level 9 in Axes
  2974 | D:5      | Slain by an ogre

Illustrated notes

Levels and vault maps discovered:
D:1:      minmay_arrival_widening_spiral_narrow, layout_rooms, serial_glass,
          glass_columns_a, glass_columns_c, glass_columns_a, glass_columns_a,
          shapermc_ecumenical_altar_rom_forum, minmay_liquid_box,
          serial_bayou_pond_b
D:2:      layout_basic
D:3:      layout_loops_ring, okawaru_metal_pillars_1_2
D:4:      layout_gridville, serial_shops, kennysheep_mini_moat,
          nicolae_take_the_stairs, chequers_serial_rivers_small_b,
          uniq_eustachio
D:5:      layout_loops_cross, lightli_sewer_entry_pipes, gammafunk_ghost_arena,
          chequers_jeans, st_stairs_2

Skill      XL: |  1  2  3  4  5  6  7 |
---------------+----------------------+-----
Axes           | 3 4 6 7 8 9 |  9.1
Fighting       | |  2.6
Armour         | |  3.2
Shields        | |  3.2

Action                   |  1- 3 |  4- 6 |  7- 9 || total
-------------------------+-------+-------+-------++-------
Melee: War axe           |    95 |   119 |    30 ||   244
 Abil: Heal Wounds       |     1 |     5 |     2 ||     8
Armor: Scale mail        |    43 |    51 |     6 ||   100
Dodge: Dodged            |    55 |    61 |    10 ||   126
Block: Buckler           |    29 |    25 |     8 ||    62
